 Dungeon Crawl Stone Soup version 0.20.1-1-g8b1a95d (webtiles) character file.

7234 TheGuigne the Cleaver (level 11, -2/101 HPs)
             Began as a Hill Orc Fighter on Aug 12, 2017.
             Was a High Priest of Beogh.
             Slain by a killer bee (7 damage)
             ... on level 10 of the Dungeon.
             The game lasted 00:25:02 (9227 turns).

TheGuigne the Cleaver (Hill Orc Fighter)            Turns: 9227, Time: 00:25:02

Health: -2/101     AC: 11    Str: 24    XL:     11   Next: 12%
Magic:  13/15      EV:  8    Int:  9    God:    Beogh [*****.]
Gold:   351        SH: 11    Dex: 10    Spells: 10/10 levels left

rFire    + . .     SeeInvis .   a - +0 war axe
rCold    . . .     Gourm    .   c - +0 shield
rNeg     . . .     Faith    .   O - +0 chain mail
rPois    .         Spirit   .   (no helmet)
rElec    .         Reflect  .   (no cloak)
rCorr    .         Harm     .   (no gloves)
MR       .....                  (no boots)
Stlth    ..........             w - amulet of regeneration
Regen    0.7/turn               M - +2 ring of strength
MPRegen  0.2/turn               x - ring of protection from fire

@: lethally poisoned (-2 -> -2), hasted, very quick
A: walk on water, wild magic 1
a: Smiting, Recall Orcish Followers, Give Item to Named Follower, Renounce
Religion


You were on level 10 of the Dungeon.
You worshipped Beogh.
Beogh was extremely pleased with you.
You were not hungry.

You visited 1 branch of the dungeon, and saw 10 of its levels.
You also visited: Sewer.

You collected 580 gold pieces.
You spent 229 gold pieces at shops.

Inventory:

Hand Weapons
 a - a +0 war axe (weapon)
 W - a +0 whip of draining
Armour
 c - a +0 shield (worn)
 O - a +0 chain mail (worn)
Jewellery
 n - an uncursed ring of resist corrosion
 w - an amulet of regeneration (around neck)
 x - a ring of protection from fire (right hand)
 C - an uncursed ring of magical power
 K - an uncursed amulet of rage
 M - a +2 ring of strength (left hand)
Wands
 b - a wand of iceblast (9/15)
 m - a wand of confusion (29/48)
 q - a wand of digging (5/24)
 y - a wand of random effects (18/48)
 F - a wand of polymorph (8/24)
 Q - a wand of lightning (1/15)
Scrolls
 d - 3 scrolls of blinking
 e - 10 scrolls of remove curse
 j - 4 scrolls of enchant weapon
 k - 5 scrolls of recharging
 r - 2 scrolls of magic mapping
 s - 4 scrolls of teleportation
 u - 3 scrolls of amnesia
 B - 2 scrolls of fog {unknown}
 D - a scroll of enchant armour {unknown}
 H - a scroll of fear {unknown}
 L - a scroll of summoning {unknown}
 P - 3 scrolls of identify
 T - a scroll of vulnerability {unknown}
Potions
 g - a potion of mutation {unknown}
 h - 4 potions of curing
 l - a potion of agility {unknown}
 o - 3 potions of flight
 p - a potion of lignification
 t - a potion of haste
 A - 4 potions of brilliance
 E - a potion of might
 G - 3 potions of magic
 I - a potion of cancellation
 R - a potion of ambrosia
 V - a potion of heal wounds
Books
 J - a book of Cantrips

   Spells                             Type                      Level
   a - Confusing Touch                Hexes                        1
   b - Animate Skeleton               Necromancy                   1
   c - Summon Small Mammal            Summoning                    1
   d - Apportation                    Translocation                1
 S - a book of Power

   Spells                             Type                      Level
   a - Iskenderun's Battlesphere      Conjuration/Charms           5
   b - Venom Bolt                     Conjuration/Poison           5
   c - Bolt of Magma                  Conjuration/Fire/Earth       5
   d - Iron Shot                      Conjuration/Earth            6
   e - Orb of Destruction             Conjuration                  7
   f - Spellforged Servitor           Conjuration/Summoning        7
Miscellaneous
 N - a phantom mirror
Comestibles
 f - 10 bread rations
 i - 3 fruits
 v - 4 royal jellies
 z - 6 meat rations


   Skills:
 + Level 10.3 Fighting
 - Level 11.2 Axes
 + Level 8.9 Armour
 * Level 2.7 Dodging
 + Level 8.7 Shields
 - Level 6.0 Invocations


You had 10 spell levels left.
You didn't know any spells.

Dungeon Overview and Level Annotations

Branches:
Dungeon (10/15)            Temple (0/1) D:4             Orc (0/2) D:10
   Lair: D:8-11

Altars:
Ashenzari
Cheibriados
Dithmenos
Hepliaklqana
Kikubaaqudgha
Okawaru
Sif Muna
Trog
Vehumet
Xom

Shops:
D:4 [   D:8 ?[?

Annotations:
D:9 1 runed door


Innate Abilities, Weirdness & Mutations

You can walk on water.
Your spells are a little harder to cast, but a little more powerful.


Message History

You block the killer bee's attack.
You hear an angry buzzing noise. x3
You block the killer bee's attack. You block the killer bee's attack.
You block the killer bee's attack.
You hear an angry buzzing noise. x2
The killer bee stings you but does no damage.
You block the killer bee's attack.
The killer bee stings you but does no damage.
You hear an angry buzzing noise.
The killer bee rages.
You hear an angry buzzing noise.
The killer bee stings you!
* * * LOW HITPOINT WARNING * * *
You are poisoned.
The killer bee poisons you! You block the killer bee's attack.
You hear an angry buzzing noise.
The killer bee closely misses you.
You feel sick. The killer bee stings you!
You die...

## .... .## ##. #.# #...##..
## ##.. ##..## #.#....#..#####
#..< ......####.#..#.#......#
#... #.......#.##..........#
#... #....#...##..........#
#...
#.......yy[.........#####...
#....#....y@.........#..)..>
#..y.y#.y.............#...
##.##...............###...
#.####...##.....#...##...
#####y####.#..#.....##o.o....
##...#y.y#..#......#####.#..##
##...)†yy...........# #o##.##
#....)y.............# #.##..o
#...†.))............# #.o..#.


You could see 6 killer bees.

Vanquished Creatures
  A deep elf mage (D:9)
  Grinder (D:5)
  6 yaks (D:9)
  2 hungry ghosts
  The ghost of Liatris the Skirmisher, an amateur DsAK of Lugonu (D:3)
  Menkaure (D:5)
  An orc warrior (D:9)
  A necrophage (D:6)
  4 sky beasts
  2 phantoms
  An ice beast (D:9)
  4 ogres
  4 black bears
  A centaur (D:6)
  3 bullfrogs
  2 scorpions
  A troll zombie (D:10)
  3 killer bees (D:10)
  4 wights (D:7)
  A howler monkey (D:6)
  A crimson imp (D:6)
  A quasit (D:7)
  3 hounds
  4 jellies
  2 centaur skeletons
  7 worker ants
  6 orc wizards
  3 ogre zombies (D:10)
  A hound zombie (D:6)
  A hound skeleton (D:4)
  6 gnolls
  17 adders
  2 shadow imps
  15 oozes
  An adder zombie (D:5)
  5 adder skeletons
  5 worms
  2 dart slugs
  18 leopard geckos
  23 orcs
  11 ball pythons
  18 giant cockroaches
  8 goblins
  5 hobgoblins
  5 jackals
  5 quokkas
  11 bats
  19 frilled lizards
  A goblin skeleton (D:10)
  2 goblin zombies (D:10)
  A hobgoblin skeleton (D:10)
  2 hobgoblin zombies (D:10)
  8 kobolds
  An orc skeleton (D:10)
  4 orc zombies (D:10)
  A quokka skeleton (D:7)
  5 rats
274 creatures vanquished.

Vanquished Creatures (collateral kills)
  A two-headed ogre (D:9)
  A hornet (D:7)
  2 yaks (D:9)
  2 hungry ghosts
  A black bear (D:9)
  A sky beast (D:10)
  A phantom (D:6)
  3 ice beasts
  A centaur (D:8)
  12 killer bees (D:10)
  3 wights (D:6)
  A howler monkey (D:9)
  A crimson imp (D:7)
  A centaur zombie (D:9)
  A bullfrog zombie (D:8)
  2 orc priests (D:8)
  A hound (D:8)
  2 iguanas
  A worker ant (D:6)
  An ogre zombie (D:10)
  2 gnolls (D:8)
  3 shadow imps
  An orc (D:8)
  A jackal (D:6)
  A goblin skeleton (D:10)
  A hobgoblin skeleton (D:10)
  3 orc zombies (D:10)
51 creatures vanquished.

Vanquished Creatures (others)
  An orc knight (D:10)
  2 orc warriors
  An orc priest (D:10)
  3 orc wizards (D:10)
  16 orcs
  A frilled lizard (D:3)
24 creatures vanquished.

Grand Total: 349 creatures vanquished

Notes
Turn   | Place    | Note
-------+----------+-------------------------------------------
     0 | D:1      | TheGuigne the Hill Orc Fighter began the quest for the Orb.
     0 | D:1      | Reached XP level 1. HP: 19/19 MP: 1/1
    80 | D:1      | Reached skill level 3 in Axes
   101 | D:1      | Reached XP level 2. HP: 25/26 MP: 2/2
   296 | D:1      | Reached skill level 4 in Axes
   923 | D:1      | Reached XP level 3. HP: 31/31 MP: 3/3
   957 | D:1      | You fall through a shaft!
  1043 | D:2      | Reached skill level 5 in Axes
  1394 | D:2      | Reached XP level 4. HP: 39/39 MP: 4/4
  1616 | D:2      | Reached skill level 6 in Axes
  1941 | D:3      | Noticed Liatris's ghost (amateur DsAK)
  1960 | D:3      | Killed Liatris's ghost
  1960 | D:3      | Reached skill level 8 in Axes
  1960 | D:3      | Reached XP level 5. HP: 12/45 MP: 5/5
  1960 | D:3      | Reached XP level 6. HP: 14/51 MP: 6/6
  1961 | D:3      | Became a worshipper of Beogh the Brigand
  2086 | D:3      | Found a shadowy altar of Dithmenos.
  2419 | D:4      | Reached skill level 9 in Axes
  2553 | D:4      | Reached XP level 7. HP: 16/58 MP: 7/7
  2717 | D:4      | Found a staircase to the Ecumenical Temple.
  2754 | D:4      | Reached skill level 10 in Axes
  2768 | D:4      | Reached * piety under Beogh
  2802 | D:4      | Found Kuonn's Antique Armour Emporium.
  3011 | D:4      | Found a hazy altar of Hepliaklqana.
  3174 | D:4      | Found a shattered altar of Ashenzari.
  3422 | D:5      | Entered Level 5 of the Dungeon
  3608 | D:5      | Reached skill level 11 in Axes
  3769 | D:5      | Reached XP level 8. HP: 66/66 MP: 8/8
  3782 | D:5      | Found an ancient bone altar of Kikubaaqudgha.
  3859 | D:5      | Reached skill level 5 in Fighting
  3883 | D:5      | Noticed Grinder
  3883 | D:5      | Paralysed by Grinder for 6 turns
  3902 | D:5      | Killed Grinder
  4018 | D:5      | Noticed Menkaure
  4023 | D:5      | Killed Menkaure
  4272 | D:5      | Reached ** piety under Beogh
  4314 | D:5      | Found a shimmering altar of Xom.
  4480 | D:6      | Found a shattered altar of Ashenzari.
  4549 | D:6      | Found a glowing drain.
  4580 | Sewer    | Entered a sewer
  4672 | Sewer    | Reached skill level 1 in Invocations
  4764 | Sewer    | Reached *** piety under Beogh
  4968 | D:6      | Found a snail-covered altar of Cheibriados.
  4997 | D:6      | Reached XP level 9. HP: 77/79 MP: 9/11
  5157 | D:6      | Reached skill level 5 in Armour
  5290 | D:6      | Reached **** piety under Beogh
  5290 | D:6      | Reached skill level 5 in Shields
  5566 | D:6      | Gained Herok as an ally
  6249 | D:7      | Noticed a hornet
  6251 | D:7      | Paralysed by a hornet for 1 turns
  6257 | D:7      | Killed a hornet
  6482 | D:7      | Reached skill level 5 in Invocations
  6702 | D:8      | Found Fuowe's Magic Scroll Shop.
  6706 | D:8      | Bought a scroll of identify for 26 gold pieces
  6706 | D:8      | Bought a scroll of identify for 26 gold pieces
  6706 | D:8      | Bought a scroll of identify for 26 gold pieces
  6706 | D:8      | Bought a scroll of remove curse for 39 gold pieces
  6799 | D:8      | Reached XP level 10. HP: 66/88 MP: 14/14
  6800 | D:8      | Gained mutation: Your spells are a little harder to cast, but a little more powerful. [mutagenic meat]
  6947 | D:8      | Found Buptogosk's Magic Scroll Boutique.
  6954 | D:8      | Bought a scroll of teleportation for 42 gold pieces
  6954 | D:8      | Bought a scroll of identify for 28 gold pieces
  6954 | D:8      | Bought a scroll of noise for 14 gold pieces
  6954 | D:8      | Bought a scroll of identify for 28 gold pieces
  7000 | D:8      | Found Zaw Niat's Armour Shoppe.
  7063 | D:8      | Gained Orgrim as an ally
  7063 | D:8      | Gained Boghold as an ally
  7117 | D:8      | Found an iron altar of Okawaru.
  7477 | D:8      | Found a deep blue altar of Sif Muna.
  7846 | D:9      | Found a runed door.
  8035 | D:9      | Noticed a two-headed ogre
  8043 | D:9      | Killed a two-headed ogre
  8043 | D:9      | Reached skill level 1 in Dodging
  8347 | D:9      | Noticed a sixfirhy
  8411 | D:9      | Found a radiant altar of Vehumet.
  8553 | D:9      | Noticed a deep elf mage
  8562 | D:9      | Killed a deep elf mage
  8604 | D:9      | Found a bloodstained altar of Trog.
  8697 | D:10     | Entered Level 10 of the Dungeon
  8813 | D:9      | Your ally Boghold died
  9048 | D:10     | Found a staircase to the Orcish Mines.
  9049 | D:10     | Reached ***** piety under Beogh
  9076 | D:10     | Reached skill level 10 in Fighting
  9076 | D:10     | Reached XP level 11. HP: 97/97 MP: 15/15
  9086 | D:10     | Gained Milork as an ally
  9209 | D:10     | Your ally Milork died
  9210 | D:10     | Your ally Herok died
  9216 | D:10     | Your ally Orgrim died
  9227 | D:10     | HP: 5/101 [poisoned by a killer bee]
  9227 | D:10     | Slain by a killer bee

Skill      XL: |  1  2  3  4  5  6  7  8  9 10 |
---------------+-------------------------------+-----
Axes           | 3 4 5 8 9 11 | 11.2
Fighting       | 4 7 8 10 | 10.3
Armour         | 4 6 8 |  8.9
Shields        | 4 6 8 |  8.7
Invocations    | 2 5 6 |  6.0
Dodging        | 2 |  2.7

Action                   |  1- 3 |  4- 6 |  7- 9 | 10-12 || total
-------------------------+-------+-------+-------+-------++-------
Melee: War axe           |   115 |   155 |   546 |   209 ||  1025
Invok: Convert to Beogh  |       |     1 |       |       ||     1
       Smiting           |       |       |       |     3 ||     3
Evoke: Wand              |       |       |     1 |       ||     1
  Use: Potion            |       |     1 |       |     2 ||     3
       Scroll            |       |       |     7 |    11 ||    18
 Stab: Distracted        |       |       |     1 |     3 ||     4
  Eat: Chunk             |     2 |     4 |    14 |    13 ||    33
       Fruit             |       |       |       |     2 ||     2
Armor: Scale mail        |    44 |    65 |   120 |       ||   229
       Chain mail        |       |       |    57 |    91 ||   148
Dodge: Dodged            |    41 |    40 |   103 |    55 ||   239
Block: Shield            |    62 |    79 |   223 |   122 ||   486
